| TOP OF THE 1ST |
|
Sacramento River Cats batting - Pitching for Louisville Bats : RHP Angel Cerros
|
|
Pitching: RHP Angel Cerros
|
|
|
Batting: LHB Ryan Braden
|
0-0: SINGLE (Groundball, 34D, EV 101.2 MPH)
|
|
Batting: RHB Brian Rogers
|
0-0: Ball 1-0: Swinging Strike 1-1: Called Strike 1-2: Foul Ball, location: 2F 1-2: Strikes out swinging
|
|
Batting: LHB Terry Ebersole
|
0-0: Ball 1-0: Foul Ball, location: 2F 1-1: Ball 2-1: Ball 3-1: Foul Ball, location: 2F 3-2: Base on Balls Ryan Braden to second
|
|
Batting: LHB Willie Ceniceros
|
0-0: Ball 1-0: Ball 2-0: SINGLE (Line Drive, 8LS, EV 105.0 MPH) Ryan Braden to third Terry Ebersole to second Runner from 3rd tries for Home, SAFE, throw by CF to home
|
|
Batting: LHB Jared Paige
|
0-0: Called Strike 0-1: SINGLE (Groundball, 6D, EV 110.6 MPH) Terry Ebersole to third Willie Ceniceros to second
|
|
Batting: RHB Troy Trice
|
0-0: Swinging Strike 0-1: Foul Ball, location: 2F 0-2: Ball 1-2: Ball 2-2: Grounds into double play, 5-4-3 (Groundball, 56S, EV 82.5 MPH)
|
| Top of the 1st over - 1 run, 3 hits, 0 errors, 2 left on base; Sacramento 1 - Louisville 0 |
| BOTTOM OF THE 1ST |
|
Louisville Bats batting - Pitching for Sacramento River Cats : RHP George Kellum
|
|
Pitching: RHP George Kellum
|
|
|
Batting: SHB Paul Sandoval
|
0-0: Ball 1-0: Ball 2-0: Foul Ball, location: 2F 2-1: Foul Ball, location: 2F 2-2: Fly out, F8 (Flyball, 8LD, EV 101.9 MPH)
|
|
Batting: RHB Bruno André
|
0-0: Ball 1-0: Called Strike 1-1: Swinging Strike 1-2: Ground out 1-3 (Groundball, P, EV 67.5 MPH)
|
|
Batting: RHB Fred Slade
|
0-0: Ball 1-0: Foul Ball, location: 2F 1-1: SINGLE (Line Drive, 9LS, EV 105.6 MPH)
|
|
Batting: RHB Mike Alm
|
0-0: Foul Ball, location: 2F 0-1: Called Strike 0-2: Ball 1-2: Foul Ball, location: 2F 1-2: SINGLE (Line Drive, 4D, EV 99.4 MPH) Fred Slade to second Runner from 2nd tries for 3rd, OUT! 9-5
|
| Bottom of the 1st over - 0 runs, 2 hits, 0 errors, 1 left on base; Sacramento 1 - Louisville 0 |
| TOP OF THE 2ND |
|
Sacramento River Cats batting - Pitching for Louisville Bats : RHP Angel Cerros
|
|
Batting: RHB Hugo Zacarias
|
0-0: Swinging Strike 0-1: Ball 1-1: Ball 2-1: Ball 3-1: Fly out, F9 (Flyball, 9LM, EV 94.4 MPH)
|
|
Batting: RHB Nick Wicker
|
0-0: Fly out, F8 (Flyball, 8RD, EV 102.5 MPH)
|
|
Batting: RHB Matt Shepard
|
0-0: Ball 1-0: Called Strike 1-1: Foul Ball, location: 2F 1-2: Ball 2-2: Fly out, F8 (Flyball, 8LM, EV 85.0 MPH)
|
| Top of the 2nd over - 0 runs, 0 hits, 0 errors, 0 left on base; Sacramento 1 - Louisville 0 |
| BOTTOM OF THE 2ND |
|
Louisville Bats batting - Pitching for Sacramento River Cats : RHP George Kellum
|
|
Batting: SHB Freddie Farrar
|
0-0: Ball 1-0: Called Strike 1-1: Swinging Strike 1-2: Fly out, F7 (Line Drive, 7S, EV 86.2 MPH)
|
|
Batting: RHB Won-jun Park
|
0-0: Ball 1-0: Called Strike 1-1: Swinging Strike 1-2: Foul Ball, location: 2F 1-2: Fly out, F7 (Flyball, 7LM, EV 91.2 MPH)
|
|
Batting: RHB Pedro Pinero
|
0-0: Called Strike 0-1: Called Strike 0-2: Ball 1-2: Strikes out swinging, 2-3 out at first.
|
| Bottom of the 2nd over - 0 runs, 0 hits, 0 errors, 0 left on base; Sacramento 1 - Louisville 0 |
| TOP OF THE 3RD |
|
Sacramento River Cats batting - Pitching for Louisville Bats : RHP Angel Cerros
|
|
Batting: LHB Ryan Braden
|
0-0: Fly out, F8 (Flyball, 8RXD, EV 106.2 MPH)
|
|
Batting: RHB Brian Rogers
|
0-0: Foul Ball, location: 2F 0-1: Swinging Strike 0-2: Strikes out looking
|
|
Batting: LHB Terry Ebersole
|
0-0: Foul Ball, location: 2F 0-1: SINGLE (Groundball, 56D, EV 95.6 MPH)
|
|
Batting: LHB Willie Ceniceros
|
0-0: Called Strike 0-1: Ground out 4-3 (Groundball, 4, EV 77.5 MPH)
|
| Top of the 3rd over - 0 runs, 1 hit, 0 errors, 1 left on base; Sacramento 1 - Louisville 0 |
| BOTTOM OF THE 3RD |
|
Louisville Bats batting - Pitching for Sacramento River Cats : RHP George Kellum
|
|
Batting: RHB Danny Real
|
0-0: Called Strike 0-1: Foul Ball, location: 2F 0-2: Foul Ball, location: 2F 0-2: Strikes out looking
|
|
Batting: RHB Colin Lord
|
0-0: Ball 1-0: Swinging Strike 1-1: Swinging Strike 1-2: Strikes out looking
|
|
Batting: SHB Paul Sandoval
|
0-0: Ball 1-0: Called Strike 1-1: Ball 2-1: Ball 3-1: Ground out U3 (Groundball, 3, EV 80.0 MPH)
|
| Bottom of the 3rd over - 0 runs, 0 hits, 0 errors, 0 left on base; Sacramento 1 - Louisville 0 |
| TOP OF THE 4TH |
|
Sacramento River Cats batting - Pitching for Louisville Bats : RHP Angel Cerros
|
|
Batting: LHB Jared Paige
|
0-0: Called Strike 0-1: Fly out, F8 (Flyball, 8LD, EV 98.1 MPH)
|
|
Batting: RHB Troy Trice
|
0-0: Called Strike 0-1: Called Strike 0-2: Reached on error, E5 (Groundball, 56, EV 78.8 MPH)
|
|
Batting: RHB Hugo Zacarias
|
0-0: Ground out 4-3 (Groundball, 4, EV 101.9 MPH) Troy Trice to third
|
|
Batting: RHB Nick Wicker
|
0-0: Ground out 4-3 (Groundball, 4, EV 103.8 MPH)
|
| Top of the 4th over - 0 runs, 0 hits, 1 error, 1 left on base; Sacramento 1 - Louisville 0 |
| BOTTOM OF THE 4TH |
|
Louisville Bats batting - Pitching for Sacramento River Cats : RHP George Kellum
|
|
Batting: RHB Bruno André
|
0-0: Called Strike 0-1: Called Strike 0-2: Strikes out swinging
|
|
Batting: RHB Fred Slade
|
0-0: Ball 1-0: Called Strike 1-1: Swinging Strike 1-2: Fly out, F9 (Flyball, 89D, EV 100.6 MPH)
|
|
Batting: RHB Mike Alm
|
0-0: Ball 1-0: Ball 2-0: Ground out 3-1 (Groundball, 34, EV 110.6 MPH)
|
| Bottom of the 4th over - 0 runs, 0 hits, 0 errors, 0 left on base; Sacramento 1 - Louisville 0 |
| TOP OF THE 5TH |
|
Sacramento River Cats batting - Pitching for Louisville Bats : RHP Angel Cerros
|
|
Batting: RHB Matt Shepard
|
0-0: Bunt for hit to 23 - play at first, batter OUT! 3-4
|
|
Batting: LHB Ryan Braden
|
0-0: Foul Ball, location: 2F 0-1: Ball 1-1: Ball 2-1: Ball 3-1: SINGLE (Line Drive, 7LS, EV 107.5 MPH)
|
|
Batting: RHB Brian Rogers
|
0-0: Swinging Strike 0-1: Swinging Strike 0-2: Ball 1-2: Foul Ball, location: 2F 1-2: Ball 2-2: SINGLE (Groundball, 34D, EV 108.1 MPH) Ryan Braden to second Runner from 2nd tries for 3rd, SAFE, throw by RF made to third
|
|
Batting: LHB Terry Ebersole
|
0-0: Ball 1-0: Called Strike 1-1: Called Strike 1-2: Ball 2-2: Foul Ball, location: 2F 2-2: Strikes out swinging
|
|
Batting: LHB Willie Ceniceros
|
0-0: Ball 1-0: Foul Ball, location: 2F 1-1: Fielders Choice at 2nd, 5-4 (Groundball, 6, EV 78.8 MPH)
|
| Top of the 5th over - 0 runs, 2 hits, 0 errors, 2 left on base; Sacramento 1 - Louisville 0 |
| BOTTOM OF THE 5TH |
|
Louisville Bats batting - Pitching for Sacramento River Cats : RHP George Kellum
|
|
Batting: SHB Freddie Farrar
|
0-0: Foul Ball, location: 2F 0-1: Foul Ball, location: 2F 0-2: Strikes out swinging
|
|
Batting: RHB Won-jun Park
|
0-0: Ball 1-0: Ball 2-0: Foul Ball, location: 2F 2-1: Foul Ball, location: 2F 2-2: Foul Ball, location: 2F 2-2: Ball 3-2: Strikes out looking
|
|
Batting: RHB Pedro Pinero
|
0-0: Ground out 5-3 (Groundball, 56, EV 101.2 MPH)
|
| Bottom of the 5th over - 0 runs, 0 hits, 0 errors, 0 left on base; Sacramento 1 - Louisville 0 |
| TOP OF THE 6TH |
|
Sacramento River Cats batting - Pitching for Louisville Bats : RHP Angel Cerros
|
|
Batting: LHB Jared Paige
|
0-0: Called Strike 0-1: Ball 1-1: Foul Ball, location: 2F 1-2: Foul Ball, location: 2F 1-2: Fly out, F8 (Flyball, 8LM, EV 92.5 MPH)
|
|
Batting: RHB Troy Trice
|
0-0: Swinging Strike 0-1: Swinging Strike 0-2: Ball 1-2: Ball 2-2: Ball 3-2: Strikes out swinging
|
|
Batting: RHB Hugo Zacarias
|
0-0: Ball 1-0: Foul Ball, location: 2F 1-1: Foul Ball, location: 2F 1-2: Foul Ball, location: 2F 1-2: Strikes out swinging
|
| Top of the 6th over - 0 runs, 0 hits, 0 errors, 0 left on base; Sacramento 1 - Louisville 0 |
| BOTTOM OF THE 6TH |
|
Louisville Bats batting - Pitching for Sacramento River Cats : RHP George Kellum
|
|
Batting: RHB Danny Real
|
0-0: Foul Ball, location: 2F 0-1: Ground out 1-3 (Groundball, 34S, EV 66.2 MPH)
|
|
Batting: RHB Colin Lord
|
0-0: Foul Ball, location: 2F 0-1: Ball 1-1: Called Strike 1-2: Foul Ball, location: 2F 1-2: Foul Ball, location: 2F 1-2: Foul Ball, location: 2F 1-2: Strikes out looking
|
|
Batting: SHB Paul Sandoval
|
0-0: Swinging Strike 0-1: SINGLE (Groundball, 4M, EV 106.2 MPH) (infield hit)
|
|
Pinch Runner at 1st Eric Sullivan:
|
|
|
Batting: RHB Bruno André
|
0-0: Called Strike Eric Sullivan steals 2nd base (no throw) 0-1: SINGLE (Line Drive, 6D, EV 93.8 MPH) Eric Sullivan to third Runner from 3rd tries for Home, SAFE, throw by CF to home
|
|
Batting: RHB Fred Slade
|
0-0: Ball 1-0: 2-RUN HOME RUN (Flyball, 7D, EV 96.2 MPH), Distance : 363 ft
|
|
Batting: RHB Mike Alm
|
0-0: Foul Ball, location: 2F 0-1: Ball 1-1: Ball 2-1: Ground out 6-3 (Groundball, 6, EV 109.4 MPH)
|
| Bottom of the 6th over - 3 runs, 3 hits, 0 errors, 0 left on base; Sacramento 1 - Louisville 3 |
| TOP OF THE 7TH |
|
Sacramento River Cats batting - Pitching for Louisville Bats : RHP Angel Cerros
|
|
Now at 1B: Eric Sullivan
|
|
|
Batting: RHB Nick Wicker
|
0-0: Called Strike 0-1: Ball 1-1: Foul Ball, location: 2F 1-2: Ground out U3 (Groundball, 34S, EV 89.4 MPH)
|
|
Batting: RHB Matt Shepard
|
0-0: SINGLE (Groundball, 4D, EV 101.9 MPH)
|
|
Batting: LHB Ryan Braden
|
0-0: Called Strike 0-1: Swinging Strike Passed Ball! Matt Shepard to second 0-2: Ball 1-2: Foul Ball, location: 2F 1-2: Ball 2-2: Ball 3-2: Foul Ball, location: 2F 3-2: Strikes out looking
|
|
Pitching: RHP Tim Beck
|
|
|
Batting: RHB Brian Rogers
|
0-0: Ball 1-0: Ball 2-0: Foul Ball, location: 2F 2-1: Ground out 4-3 (Groundball, 4, EV 86.2 MPH)
|
| Top of the 7th over - 0 runs, 1 hit, 0 errors, 1 left on base; Sacramento 1 - Louisville 3 |
| BOTTOM OF THE 7TH |
|
Louisville Bats batting - Pitching for Sacramento River Cats : RHP George Kellum
|
|
Batting: SHB Freddie Farrar
|
0-0: Fly out, F8 (Flyball, 8RM, EV 96.2 MPH)
|
|
Batting: RHB Won-jun Park
|
0-0: Reached via error on a dropped throw from 1B, E1 (Groundball, 34, EV 102.5 MPH)
|
|
Batting: RHB Pedro Pinero
|
0-0: Ball 1-0: Ball 2-0: Foul Ball, location: 2F 2-1: SINGLE (Groundball, 25, EV 66.9 MPH) (infield hit) Won-jun Park to second
|
|
Batting: RHB Danny Real
|
0-0: Called Strike 0-1: Swinging Strike 0-2: Ball 1-2: Strikes out looking
|
|
Batting: RHB Colin Lord
|
0-0: Called Strike 0-1: Swinging Strike 0-2: Strikes out swinging
|
| Bottom of the 7th over - 0 runs, 1 hit, 1 error, 2 left on base; Sacramento 1 - Louisville 3 |
| TOP OF THE 8TH |
|
Sacramento River Cats batting - Pitching for Louisville Bats : RHP Tim Beck
|
|
Batting: LHB Terry Ebersole
|
0-0: Called Strike 0-1: Ball 1-1: Foul Ball, location: 2F 1-2: Fly out, F9 (Line Drive, 89M, EV 95.0 MPH)
|
|
Batting: LHB Willie Ceniceros
|
0-0: Called Strike 0-1: Called Strike 0-2: Ball 1-2: Strikes out swinging
|
|
Batting: LHB Jared Paige
|
0-0: Ball 1-0: Foul Ball, location: 2F 1-1: Ball 2-1: Ball 3-1: SOLO HOME RUN (Flyball, 8RXD, EV 110.0 MPH), Distance : 421 ft
|
|
Batting: RHB Troy Trice
|
0-0: Ball 1-0: Foul Ball, location: 2F 1-1: Swinging Strike 1-2: Strikes out swinging
|
| Top of the 8th over - 1 run, 1 hit, 0 errors, 0 left on base; Sacramento 2 - Louisville 3 |
| BOTTOM OF THE 8TH |
|
Louisville Bats batting - Pitching for Sacramento River Cats : RHP George Kellum
|
|
Batting: RHB Eric Sullivan
|
0-0: Swinging Strike 0-1: DOUBLE (Line Drive, 78M, EV 92.5 MPH)
|
|
Batting: RHB Bruno André
|
0-0: Ball 1-0: Fly out, F3 (Popup, 3SF, EV 73.8 MPH)
|
|
Pitching: RHP Jonathan Simi
|
|
|
Batting: RHB Fred Slade
|
0-0: Ball 1-0: Foul Ball, location: 2F 1-1: Ball Eric Sullivan steals 3rd base 2-1: Swinging Strike 2-2: Foul Ball, location: 2F 2-2: SINGLE (Line Drive, 89S, EV 98.1 MPH) Eric Sullivan scores
|
|
Batting: RHB Mike Alm
|
0-0: Ball 1-0: Called Strike 1-1: Fielders Choice at 2nd, 6-4 (Groundball, 6, EV 93.1 MPH)
|
|
Batting: SHB Freddie Farrar
|
0-0: Ball 1-0: Ball 2-0: Fly out, F6 (Popup, 6, EV 75.0 MPH)
|
| Bottom of the 8th over - 1 run, 2 hits, 0 errors, 1 left on base; Sacramento 2 - Louisville 4 |
| TOP OF THE 9TH |
|
Sacramento River Cats batting - Pitching for Louisville Bats : RHP Tim Beck
|
|
Pitching: RHP Robbie Delgado
|
|
|
Now in LF: Satoru Handa
|
|
|
Batting: RHB Hugo Zacarias
|
0-0: Ball 1-0: Swinging Strike 1-1: Swinging Strike 1-2: Strikes out swinging
|
|
Pinch Hitting: LHB Kevin Kantor
|
0-0: Ball 1-0: Called Strike 1-1: TRIPLE (Line Drive, 89XD, EV 99.4 MPH)
|
|
Batting: RHB Matt Shepard
|
0-0: Called Strike 0-1: Ball 1-1: SINGLE (Groundball, 34D, EV 102.5 MPH) Kevin Kantor scores
|
|
Batting: LHB Ryan Braden
|
0-0: Called Strike 0-1: Ball 1-1: Called Strike 1-2: Ball 2-2: Ground out 4-3 (Groundball, 34S, EV 78.8 MPH) Matt Shepard to second
|
|
Batting: RHB Brian Rogers
|
0-0: SINGLE (Line Drive, 6D, EV 95.6 MPH) Matt Shepard to third Runner from 3rd tries for Home, SAFE, throw by LF to home
|
|
Batting: LHB Terry Ebersole
|
0-0: Called Strike 0-1: Ball 1-1: Ground out U3 (Groundball, 3, EV 95.6 MPH)
|
| Top of the 9th over - 2 runs, 3 hits, 0 errors, 1 left on base; Sacramento 4 - Louisville 4 |
| BOTTOM OF THE 9TH |
|
Louisville Bats batting - Pitching for Sacramento River Cats : RHP Jonathan Simi
|
|
Pitching: RHP Takashi Kino
|
|
|
Now at 2B: Kevin Kantor
|
|
|
Now at SS: Willie Ceniceros
|
|
|
Batting: RHB Won-jun Park
|
0-0: Foul Ball, location: 2F 0-1: Foul Ball, location: 2F 0-2: Ball 1-2: Foul Ball, location: 2F 1-2: SINGLE (Groundball, 6MD, EV 96.2 MPH)
|
|
Batting: RHB Pedro Pinero
|
0-0: Bunted foul 0-1: Bunted foul 0-2: Ball 1-2: Ball 2-2: Foul Ball, location: 2F 2-2: Foul Ball, location: 2F 2-2: Ball 3-2: Base on Balls Won-jun Park to second
|
|
Batting: RHB Danny Real
|
0-0: Ball 1-0: Ball 2-0: Foul Ball, location: 2F 2-1: Ball 3-1: Swinging Strike 3-2: Base on Balls Won-jun Park to third Pedro Pinero to second
|
|
Batting: RHB Colin Lord
|
0-0: Ball 1-0: Called Strike 1-1: Ball 2-1: SINGLE (Line Drive, 56D, EV 93.8 MPH) Won-jun Park scores
|
| Bottom of the 9th over - 1 run, 2 hits, 0 errors, 2 left on base; Sacramento 4 - Louisville 5 |
|